 Dungeon Crawl Stone Soup version 0.23.1 (webtiles) character file.

Game seed: 0

13389 Lanoc the Carver (level 11, -2/101 HPs)
             Began as a Pale Draconian Monk on Mar 1, 2019.
             Was a High Priest of the Shining One.
             Slain by a death yak (22 damage)
             ... on level 11 of the Dungeon.
             The game lasted 00:32:41 (9173 turns).

Lanoc the Carver (Pale Draconian Monk)              Turns: 9173, Time: 00:32:42

Health: -2/101     AC:  7    Str: 15    XL:     11   Next: 74%
Magic:  0/12       EV: 19    Int: 10    God:    the Shining One [*****.]
Gold:   530        SH:  0    Dex: 16    Spells: 10/10 levels left

rFire    . . .     SeeInvis .   s - +1 long sword
rCold    + . .     Gourm    .   (no shield)
rNeg     + + .     Faith    .   (armour unavailable)
rPois    .         Spirit   +   (helmet restricted)
rElec    .         Reflect  .   (no cloak)
rCorr    .         Harm     .   (no gloves)
MR       +....                  (no boots)
Stlth    +.........             g - amulet of guardian spirit
HPRegen  0.26/turn              e - ring of protection from cold
MPRegen  0.13/turn              p - ring of protection from magic

@: about to teleport, short of breath, starving, glowing
A: breathe steam, unfitting armour, cold-blooded, AC +7
a: Breathe Steam, Divine Shield, Cleansing Flame, Summon Divine Warrior,
Renounce Religion


You were on level 11 of the Dungeon.
You worshipped the Shining One.
The Shining One was extremely pleased with you.
You were starving.

You visited 2 branches of the dungeon, and saw 12 of its levels.

You collected 530 gold pieces.

Inventory:

Hand Weapons
 s - a +1 long sword (weapon)
Jewellery
 e - a ring of protection from cold (left hand)
 g - an amulet of guardian spirit (around neck)
 p - a ring of protection from magic (right hand)
 y - an uncursed ring of flight
Wands
 o - a wand of flame (16)
 w - a wand of digging (5)
 x - a wand of acid (10)
Scrolls
 c - 2 scrolls of remove curse
 d - a scroll of teleportation
 f - a scroll of enchant armour
 h - 2 scrolls of fog
 l - 2 scrolls of immolation
 q - a scroll of identify
 t - 2 scrolls of magic mapping
 v - 3 scrolls of amnesia
Potions
 i - a potion of flight
 k - a potion of resistance
 m - 3 potions of mutation
 r - 2 potions of agility
 u - a potion of cancellation
Miscellaneous
 a - a crystal ball of energy
Comestibles
 b - 17 rations


   Skills:
 + Level 10.8 Fighting
 * Level 13.3 Long Blades
 + Level 9.2 Dodging
 - Level 1.7 Stealth
 + Level 1.8 Invocations


You had 10 spell levels left.
You didn't know any spells.
Your spell library contained the following spells:

 Spells                   Type           Power        Failure   Level  Hunger
 Corona                   Hex            #......      36%         1    ##.....
 Infusion                 Chrm           #...         36%         1    ##.....
 Magic Dart               Conj           #...         36%         1    ##.....
 Summon Small Mammal      Summ           #...         36%         1    ##.....
 Blink                    Tloc           N/A          50%         2    ###....
 Call Imp                 Summ           #.......     50%         2    ###....
 Ensorcelled Hibernation  Hex/Ice        #.....       50%         2    ###....
 Shroud of Golubria       Chrm/Tloc      #.........   50%         2    ###....
 Slow                     Hex            #.......     50%         2    ###....
 Song of Slaying          Chrm           #.......     50%         2    ###....
 Call Canine Familiar     Summ           #.......     75%         3    ####...
 Confuse                  Hex            #.......     75%         3    ####...
 Conjure Flame            Conj/Fire      #.......     75%         3    ####...
 Dazzling Spray           Conj/Hex       #.....       75%         3    ####...
 Mephitic Cloud           Conj/Pois/Air  #.......     75%         3    ####...
 Regeneration             Chrm/Necr      #.........   75%         3    ####...
 Spectral Weapon          Hex/Chrm       #.......     75%         3    ####...
 Summon Guardian Golem    Hex/Summ       #.......     75%         3    ####...
 Tukima's Dance           Hex            #.......     75%         3    ####...
 Summon Ice Beast         Ice/Summ       #.......     98%         4    #####..
 Summon Lightning Spire   Summ/Air       #.......     98%         4    #####..
 Bolt of Magma            Conj/Fire/Erth #.........   100%        5    ######.
 Iskenderun's Battlesphe  Conj/Chrm      #.......     100%        5    ######.
 Venom Bolt               Conj/Pois      #.........   100%        5    ######.
 Iron Shot                Conj/Erth      #.........   100%        6    #######
 Orb of Destruction       Conj           #.........   100%        7    #######
 Spellforged Servitor     Conj/Summ      #.........   100%        7    #######


Dungeon Overview and Level Annotations

Branches:
Dungeon (11/15)            Temple (1/1) D:6            Lair (0/6) D:9
    Orc: D:9-12

Altars:
Ashenzari
Cheibriados
Dithmenos
Elyvilon
Fedhas
Gozag
Hepliaklqana
Kikubaaqudgha
Makhleb
Nemelex Xobeh
Okawaru
Qazlal
Ru
Sif Muna
Trog
Uskayaw
Vehumet
Wu Jian
Xom
Yredelemnul
Zin
The Shining One


Innate Abilities, Weirdness & Mutations

You can breathe blasts of scalding, opaque steam.
Your pale cyan-grey scales are hard. (AC +7)
You cannot fit into any form of body armour.
You are cold-blooded and may be slowed by cold attacks.


Message History

The death yak is moderately wounded.
The death yak gores you! The wight completely misses you.
You hit the death yak.
The death yak is moderately wounded.
The wight hits you with a cursed -2 flail.
Unknown command.
You slash the wight!
You destroy the wight!
The Shining One accepts your kill.
You feel better.
You feel your power returning.
The death yak is engulfed in a cloud of scalding steam.
The death yak gores you!!
* * * LOW HITPOINT WARNING * * *
You hit the wight but do no damage. The death yak gores you.
* * * LOW HITPOINT WARNING * * *
The wight barely misses you.
You feel better. The wight misses you.
You riposte.
You are starving!
You hit the wight but do no damage. The death yak gores you!!
You die...

#........####.
#l.......#
#†#####..#
#........#
###....W.....
#....#########
#§#..# #Y#..#
#@#..+ #zz..#
######


You could see a death yak and 2 wights.

Vanquished Creatures
  Harold (D:9)
  The ghost of sking99 the Fighter, a novice OgTm of Wu Jian (D:10)
  A tengu warrior (D:10)
  A death yak (D:8)
  Pikel (D:5)
  The ghost of xccam the Changer, a novice DrTm (D:5)
  A deep elf mage (D:10)
  An ugly thing (D:11)
  A cyclops (D:11)
  5 trolls
  A hornet (D:8)
  Prince Ribbit (D:6)
  Grinder (D:4)
  2 hippogriffs
  Sigmund (D:6)
  A shadow (D:11)
  A wyvern (D:11)
  A wraith (D:11)
  Eustachio (D:5)
  A basilisk (D:10)
  Grum (D:11)
  A hungry ghost (D:7)
  Edmund (D:4)
  A water moccasin (D:8)
  Duvessa (D:4)
  An ice beast (D:10)
  A slave (D:5)
  4 orc warriors
  A sky beast (D:10)
  3 phantoms
  7 ogres
  2 centaurs
  2 wolves (D:11)
  A crocodile (D:10)
  A big kobold (D:7)
  2 bullfrogs
  A wyvern zombie (D:7)
  A wyvern skeleton (D:11)
  Dowan (D:4)
  A water moccasin skeleton (D:7)
  17 killer bees
  4 scorpions
  11 wights
  4 howler monkeys
  2 crimson imps
  A quasit (D:8)
  A jelly (D:8)
  4 hounds
  7 orc priests
  A bullfrog skeleton (D:5)
  2 centaur skeletons
  8 orc wizards
  2 iguanas
  10 worker ants
  Ijyb (D:4)
  2 hell rats (D:9)
  2 hound zombies
  A worker ant zombie (D:5)
  Robin (D:4)
  A howler monkey skeleton (D:11)
  13 adders
  3 river rats
  A shadow imp (D:10)
  3 oozes
  A worm (D:4)
  4 leopard geckos
  27 orcs
  6 giant cockroaches
  9 goblins
  7 hobgoblins
  10 jackals
  4 quokkas
  3 bats
  3 kobolds
  A leopard gecko skeleton (D:8)
  7 rats
243 creatures vanquished.

Vanquished Creatures (others)
  A killer bee (D:11)
1 creature vanquished.

Grand Total: 244 creatures vanquished

Notes
Turn   | Place    | Note
-------+----------+-------------------------------------------
     0 | D:1      | Lanoc the Draconian Monk began the quest for the Orb.
     0 | D:1      | Reached XP level 1. HP: 19/19 MP: 1/1
   246 | D:2      | Reached XP level 2. HP: 26/26 MP: 2/2
   315 | D:3      | Reached XP level 3. HP: 21/33 MP: 3/3
   597 | D:4      | Reached skill level 4 in Long Blades
   597 | D:4      | Reached XP level 4. HP: 30/40 MP: 4/4
   628 | D:4      | Reached XP level 5. HP: 9/46 MP: 5/5
   741 | D:4      | Noticed Duvessa
   773 | D:4      | Noticed Ijyb
   792 | D:4      | Killed Ijyb
   792 | D:4      | Reached skill level 5 in Long Blades
   869 | D:4      | Noticed Dowan
   904 | D:4      | Killed Duvessa
   904 | D:4      | Reached XP level 6. HP: 37/53 MP: 6/6
   917 | D:4      | Killed Dowan
   963 | D:4      | Noticed Robin
  1035 | D:4      | Noticed Grinder
  1151 | D:4      | Paralysed by Grinder for 6 turns
  1260 | D:4      | Killed Grinder
  1260 | D:4      | Reached skill level 5 in Fighting
  1260 | D:4      | Reached skill level 6 in Long Blades
  1260 | D:4      | Your scales start taking on a pale cyan-grey colour.
  1260 | D:4      | Reached XP level 7. HP: 18/61 MP: 7/7
  1452 | D:4      | Killed Robin
  1492 | D:4      | Noticed Edmund
  1505 | D:4      | Killed Edmund
  1605 | D:4      | Reached skill level 7 in Long Blades
  1745 | D:5      | Entered Level 5 of the Dungeon
  1818 | D:5      | Reached XP level 8. HP: 67/70 MP: 8/8
  1846 | D:5      | Noticed Pikel
  1851 | D:5      | Killed Pikel
  1851 | D:5      | Reached skill level 8 in Long Blades
  1851 | D:5      | Reached skill level 5 in Dodging
  1927 | D:5      | Noticed Eustachio
  1951 | D:5      | Killed Eustachio
  2349 | D:5      | Found a runed translucent gate.
  2350 | D:5      | Found a runed translucent gate.
  2351 | D:5      | Found a runed translucent gate.
  2353 | D:5      | Noticed xccam's ghost (novice DrTm)
  2373 | D:5      | Killed xccam's ghost
  2373 | D:5      | Reached skill level 9 in Long Blades
  2373 | D:5      | Reached XP level 9. HP: 62/79 MP: 9/9
  2444 | D:5      | Found a hazy altar of Hepliaklqana.
  2718 | D:6      | Noticed Sigmund
  2721 | D:6      | Killed Sigmund
  3000 | D:6      | Found a staircase to the Ecumenical Temple.
  3007 | Temple   | Entered the Ecumenical Temple
  3268 | Temple   | Became a worshipper of the Shining One
  3268 | Temple   | Reached * piety under the Shining One
  3268 | Temple   | Reached ** piety under the Shining One
  3314 | D:6      | Noticed Prince Ribbit
  3332 | D:6      | Killed Prince Ribbit
  3332 | D:6      | Reached skill level 10 in Long Blades
  4151 | D:7      | Reached XP level 10. HP: 84/90 MP: 8/10
  4700 | D:8      | Reached skill level 11 in Long Blades
  4925 | D:9      | Found a staircase to the Lair.
  4925 | D:9      | Noticed a death yak
  4925 | D:9      | Noticed a death yak
  4927 | D:9      | Noticed a death yak
  5136 | D:9      | Reached *** piety under the Shining One
  5237 | D:9      | Noticed Harold
  5260 | D:9      | Killed Harold
  5658 | D:8      | Killed a death yak
  6062 | D:10     | Entered Level 10 of the Dungeon
  6067 | D:10     | Reached skill level 12 in Long Blades
  6109 | D:10     | Found a runed translucent gate.
  6111 | D:10     | Found a runed translucent gate.
  6112 | D:10     | Found a runed translucent gate.
  6119 | D:10     | Noticed sking99's ghost (novice OgTm)
  6208 | D:10     | Noticed a tengu warrior
  6238 | D:10     | Killed a tengu warrior
  6238 | D:10     | Reached XP level 11. HP: 57/99 MP: 8/11
  6257 | D:10     | Reached skill level 10 in Fighting
  6276 | D:10     | Noticed a deep elf mage
  6282 | D:10     | Killed a deep elf mage
  7282 | D:10     | Reached **** piety under the Shining One
  7371 | D:10     | HP: 2/100 [sking99's ghost (16)]
  7379 | D:10     | Killed sking99's ghost
  7915 | D:11     | Reached skill level 13 in Long Blades
  8187 | D:11     | Noticed Grum
  8197 | D:11     | Killed Grum
  8494 | D:11     | Noticed a red ugly thing
  8524 | D:11     | Killed a red ugly thing
  8747 | D:11     | Reached skill level 1 in Invocations
  8771 | D:11     | Noticed a skeletal warrior
  8805 | D:11     | Noticed a skeletal warrior
  8805 | D:11     | Noticed a skeletal warrior
  8805 | D:11     | Noticed a skeletal warrior
  8806 | D:11     | Noticed a skeletal warrior
  9148 | D:11     | Reached ***** piety under the Shining One
  9173 | D:11     | Slain by a death yak

Skill      XL: |  1  2  3  4  5  6  7  8  9 10 11 |
---------------+----------------------------------+-----
Dodging        | 3 4 6 7 8 9 |  9.2
Fighting       | 4 5 6 7 8 9 10 | 10.8
Long Blades    | 4 5 6 7 9 10 12 13 | 13.3
Invocations    | 1 |  1.8
Stealth        | |  1.7

Action                   |  1- 3 |  4- 6 |  7- 9 | 10-12 || total
-------------------------+-------+-------+-------+-------++-------
Melee: Falchion          |    30 |       |       |       ||    30
       Tailslap          |     7 |    10 |    34 |    67 ||   118
       Long sword        |    21 |    84 |   191 |   325 ||   621
Throw: Throwing net      |       |       |       |     1 ||     1
Invok: Divine Shield     |       |       |       |     1 ||     1
 Abil: Breathe Steam     |       |       |    43 |    82 ||   125
  Use: Scroll            |     4 |     1 |       |    13 ||    18
       Potion            |       |     4 |       |    10 ||    14
 Stab: Sleeping          |     3 |     1 |     1 |       ||     5
  Eat: Chunk             |       |     1 |    11 |    21 ||    33
       Ration            |       |       |     1 |     1 ||     2
Armor: Skin              |    19 |    33 |    53 |    45 ||   150
Dodge: Dodged            |    64 |    42 |   156 |   284 ||   546
Block: Other             |       |       |       |     1 ||     1
       Rpst.: Falchion   |     8 |       |       |       ||     8
       Long sword        |     7 |    18 |    46 |    72 ||   143
